AoeStats
← Kaer Morhen

Lombardia

510164727Analyzed
4v4 RM · 3d ago on Sep 29, 2026· 89m 15s· 8 players
Game mode
Random Map
Map size
Large (8 player)
Population
200
Speed
Normal
Resources
Standard
Victory
Conquest
Starting age
Dark Age
Ending age
Imperial Age
RankedLock teamsTeams togetherTeam positionsShared explorationLock speedFull tech treeHidden civsTurbo modeCheats
Victory
Defeat
🇨🇿 Berbers · Czechia
1308
+15
🇵🇱 Magyars · Poland
1305
+15
🇵🇹 Khmer · Portugal
1304
+15
🇮🇱 Persians · Israel
1217
+20
🇨🇱 Franks · Chile
1315
-17
🇱🇺 Danes · Luxembourg
1282
-16
🇫🇮 Persians · Finland
1281
-16
1278
-16
タタールが村に入った
6:01 Loom
9:01 Feudal Age
9:51 Double-Bit Axe
12:16 Scale Barding Armor
14:08 Forging
21:48 Castle Age
21:51 Light Cavalry
22:41 Bloodlines
22:32 Husbandry
23:13 Iron Casting
31:40 Wheelbarrow
37:27 Imperial Age
36:31 Chain Barding Armor
37:46 Elite Steppe Lancer
38:17 Heavy Camel Rider
42:26 Blast Furnace
45:19 Siege Engineers
45:04 Horse Collar
48:52 Guilds
50:17 Plate Barding Armor
53:28 Elite Steppe Lancer
Lord Ramsay Bolton
5:23 Loom
10:31 Feudal Age
11:00 Double-Bit Axe
16:35 Castle Age
15:29 Horse Collar
18:40 Squires
18:57 Bow Saw
21:55 Wheelbarrow
21:32 Caravan
21:30 Stone Mining
23:36 Hand Cart
24:01 Masonry
31:59 Scale Mail Armor
33:32 Town Watch
34:57 Heavy Plow
37:30 Imperial Age
36:01 Chain Mail Armor
35:38 Fletching
35:50 Padded Archer Armor
35:36 Hamask
36:36 Arson
36:37 Gambesons
36:54 Pikeman
36:56 Man-at-Arms
37:36 Elite Varangian Guard
38:38 Conscription
37:58 Halberdier
38:01 Long Swordsman
38:57 Capped Ram
39:21 Elite Jomsviking
39:37 Two-Handed Swordsman
42:52 Ballistics
43:33 Chemistry
42:32 Bodkin Arrow
42:48 Forging
44:14 Elite Skirmisher
45:00 Thumb Ring
47:13 Iron Casting
48:35 Plate Mail Armor
49:06 Blast Furnace
48:07 Bracer
48:33 Murder Holes
62:32 Champion
63:28 Siege Ram
69:40 Leather Archer Armor
72:44 Ring Archer Armor
Mancodios
8:29 Loom
10:26 Feudal Age
11:34 Double-Bit Axe
14:34 Forging
23:28 Castle Age
23:40 Scale Barding Armor
30:44 Wheelbarrow
31:02 Bow Saw
32:19 Husbandry
34:36 Iron Casting
35:10 Hand Cart
38:19 Chain Barding Armor
42:13 Imperial Age
44:00 Blast Furnace
42:23 Cavalier
45:23 Plate Barding Armor
45:24 Caravan
48:51 Paladin
49:53 Gold Mining
50:47 Light Cavalry
52:30 Conscription
53:30 Scale Mail Armor
56:27 Chain Mail Armor
57:46 Chivalry
kim.henrik.himanen69
10:41 Loom
13:12 Feudal Age
13:48 Double-Bit Axe
13:46 Horse Collar
16:46 Castle Age
17:32 Bow Saw
17:47 Heavy Plow
18:51 Fletching
23:18 Caravan
25:31 Stone Mining
27:00 Wheelbarrow
31:47 Imperial Age
29:29 Scale Barding Armor
30:22 Stone Shaft Mining
29:39 Gold Mining
30:35 Chain Barding Armor
31:20 Forging
31:32 Husbandry
31:42 Bloodlines
31:53 Elite War Elephant
33:19 Iron Casting
34:08 Gold Shaft Mining
34:04 Crop Rotation
34:37 Two-Man Saw
34:38 Plate Barding Armor
34:21 Masonry
34:45 Ballistics
35:26 Chemistry
34:27 Bodkin Arrow
35:29 Conscription
35:50 Hoardings
36:23 Blast Furnace
38:41 Hand Cart
40:47 Murder Holes
41:22 Architecture
46:25 Devotion
52:10 Coinage
55:59 Banking
77:22 Hand Cart
Kaer Morhen
2:54 Loom
10:38 Feudal Age
13:36 Wheelbarrow
13:33 Horse Collar
24:40 Castle Age
23:47 Double-Bit Axe
24:31 Scale Barding Armor
24:37 Forging
25:34 Bloodlines
25:24 Husbandry
26:15 Hand Cart
25:59 Town Watch
27:13 Iron Casting
28:18 Heavy Plow
28:48 Bow Saw
29:29 Chain Barding Armor
31:06 Gold Mining
33:06 Caravan
34:31 Gold Shaft Mining
36:51 Fletching
37:02 Padded Archer Armor
40:06 Imperial Age
38:28 Bodkin Arrow
38:49 Leather Archer Armor
40:04 Thumb Ring
41:18 Bracer
40:44 Elite Genitour
40:59 Elite Genitour
41:07 Heavy Camel Rider
42:35 Ballistics
43:18 Chemistry
43:27 Ring Archer Armor
43:59 Blast Furnace
44:23 Conscription
46:10 Maghrebi Camels
48:19 Plate Barding Armor
50:49 Town Patrol
63:24 Coinage
63:53 Guilds
69:29 Cavalier
86:02 Elite Camel Archer
Mike
8:30 Loom
11:22 Feudal Age
15:13 Castle Age
13:34 Double-Bit Axe
13:30 Horse Collar
18:16 Bow Saw
18:10 Heavy Plow
23:56 Wheelbarrow
24:16 Gold Mining
25:32 Hand Cart
27:25 Fletching
28:27 Gold Shaft Mining
27:43 Stone Mining
27:57 Town Watch
30:16 Stone Shaft Mining
32:12 Imperial Age
31:14 Bloodlines
31:05 Husbandry
31:11 Scale Barding Armor
31:17 Forging
32:48 Cavalier
33:49 Chain Barding Armor
34:05 Iron Casting
33:27 Bodkin Arrow
33:44 Citadels
34:45 Elite War Elephant
36:19 Plate Barding Armor
38:10 Conscription
41:42 Devotion
50:29 Blast Furnace
84:23 Coinage
86:33 Banking
86:15 Kamandaran
86:52 Hoardings
86:38 Ballistics
87:19 Chemistry
GoodFunHaveLuck
7:34 Loom
9:57 Feudal Age
10:43 Double-Bit Axe
23:39 Castle Age
23:43 Horse Collar
30:34 Bow Saw
32:40 Wheelbarrow
37:55 Imperial Age
35:52 Corvinian Army
36:05 Bloodlines
35:56 Husbandry
37:13 Scale Barding Armor
38:35 Chain Barding Armor
38:32 Hand Cart
38:03 Town Watch
38:00 Elite Magyar Huszar
39:02 Hand Cart
39:36 Conscription
39:17 Recurve Bow
40:15 Ballistics
42:15 Hoardings
41:49 Heavy Plow
42:06 Masonry
47:51 Fletching
48:01 Padded Archer Armor
48:37 Plate Barding Armor
47:46 Heavy Cavalry Archer
48:51 Parthian Tactics
48:33 Thumb Ring
49:16 Bodkin Arrow
49:37 Leather Archer Armor
50:15 Caravan
72:13 Bracer
72:43 Ring Archer Armor
75:32 Chemistry
74:31 Murder Holes
BARAKA wins!
10:22 Feudal Age
11:50 Double-Bit Axe
14:25 Castle Age
14:13 Loom
22:14 Husbandry
22:19 Horse Collar
25:44 Wheelbarrow
26:03 Bloodlines
28:39 Hand Cart
34:36 Imperial Age
32:48 Gold Mining
32:49 Stone Mining
33:47 Heavy Plow
35:26 Scale Barding Armor
36:02 Bow Saw
36:23 Crop Rotation
36:32 Gold Shaft Mining
36:27 Caravan
37:57 Conscription
38:46 Chain Barding Armor
38:37 Forging
39:14 Double Crossbow
39:17 Tusk Swords
40:05 Plate Barding Armor
39:43 Forging
40:17 Elite Battle Elephant
42:56 Devotion
43:11 Heavy Scorpion
43:57 Double Crossbow
45:23 Ballistics
46:04 Chemistry
45:16 Masonry
45:36 Pikeman
46:53 Iron Casting
46:43 Halberdier
49:50 Blast Furnace
48:52 Scale Mail Armor
51:15 Siege Engineers
51:28 Chain Mail Armor
52:02 Capped Ram
55:48 Arson
55:38 Siege Ram
58:04 Architecture
72:35 Light Cavalry
75:24 Fletching
75:07 Hussar
77:37 Murder Holes
79:59 Bodkin Arrow
Connection lost

Rejoining the realm…

Still unreachable

The connection could not be restored.

Session expired

The server has moved on; the page needs a fresh start.